TOP OF THE 1ST |
York Revolution batting - Pitching for New Jersey Devils : RHP Antonio Reyes
|
Pitching: RHP Antonio Reyes
|
|
Batting: LHB Matt Urbanek
|
0-0: Ball 1-0: SINGLE (Line Drive, 5D, EV 109.4 MPH)
|
Batting: RHB Tony Perez
|
0-0: Ball 1-0: Ball Matt Urbanek is caught stealing 2nd base 2-4 2-0: Called Strike 2-1: Ball 3-1: Called Strike 3-2: Foul Ball, location: 2F 3-2: Ground out 4-3 (Groundball, 4M, EV 91.2 MPH)
|
Batting: RHB Chris Myers
|
0-0: Called Strike 0-1: DOUBLE (Flyball, 78D, EV 95.0 MPH)
|
Batting: RHB Trent Hedrick
|
0-0: Swinging Strike 0-1: Ball 1-1: Ball 2-1: Ball 3-1: Foul Ball, location: 2F 3-2: Base on Balls
|
Batting: RHB Simon Mergeni
|
0-0: Called Strike 0-1: Ball 1-1: Fly out, F9 (Flyball, 9D, EV 98.8 MPH)
|
Top of the 1st over - 0 runs, 2 hits, 0 errors, 2 left on base; York 0 - New Jersey 0 |
BOTTOM OF THE 1ST |
New Jersey Devils batting - Pitching for York Revolution : LHP Chad Mroczkowski
|
Pitching: LHP Chad Mroczkowski
|
|
Batting: RHB Chris Artz
|
0-0: Called Strike 0-1: Ball 1-1: Ball 2-1: Foul Ball, location: 2F 2-2: Strikes out looking
|
Batting: RHB John Carpenter
|
0-0: Called Strike 0-1: Fly out, F9 (Flyball, 89M, EV 91.2 MPH)
|
Batting: RHB Bill Crogan
|
0-0: Ball 1-0: Ball 2-0: Ball 3-0: Base on Balls
|
Batting: RHB Jim Freels
|
0-0: Called Strike 0-1: DOUBLE (Line Drive, 78D, EV 110.0 MPH) Bill Crogan to third Runner from 3rd tries for Home, SAFE, no throw by LF
|
Batting: RHB Eric Zylstra
|
0-0: Ball 1-0: Foul Ball, location: 2F 1-1: Ball 2-1: Fly out, F8 (Flyball, 8RM, EV 88.1 MPH)
|
Bottom of the 1st over - 1 run, 1 hit, 0 errors, 1 left on base; York 0 - New Jersey 1 |
TOP OF THE 2ND |
York Revolution batting - Pitching for New Jersey Devils : RHP Antonio Reyes
|
Batting: SHB Steve DeRienzo
|
0-0: Ball 1-0: Ball 2-0: Foul Ball, location: 2F 2-1: Foul Ball, location: 2F 2-2: Ball 3-2: Fly out, F8 (Flyball, 78M, EV 85.0 MPH)
|
Batting: RHB Eddie Serna
|
0-0: Swinging Strike 0-1: Ball 1-1: Ball 2-1: Ball 3-1: Base on Balls
|
Batting: LHB Travis Hahn
|
0-0: Called Strike 0-1: Ball 1-1: Called Strike 1-2: Foul Ball, location: 2F 1-2: Foul Ball, location: 2F 1-2: Ball 2-2: Fly out, F9 (Flyball, 89M, EV 86.9 MPH)
|
Batting: RHB Alexis Graciani
|
0-0: Called Strike 0-1: Swinging Strike 0-2: Ball 1-2: Ball 2-2: Ball 3-2: Strikes out swinging
|
Top of the 2nd over - 0 runs, 0 hits, 0 errors, 1 left on base; York 0 - New Jersey 1 |
BOTTOM OF THE 2ND |
New Jersey Devils batting - Pitching for York Revolution : LHP Chad Mroczkowski
|
Batting: RHB Sergio Andrada
|
0-0: Fly out, F7 (Flyball, 78S, EV 83.8 MPH)
|
Batting: RHB Craig Alvarado
|
0-0: Foul Ball, location: 2F 0-1: Ball 1-1: Bunt missed! 1-2: Ball 2-2: Foul Ball, location: 2F 2-2: Ball 3-2: Foul Ball, location: 2F 3-2: Base on Balls
|
Batting: RHB Oscar Ramirez
|
0-0: Ball 1-0: Fly out, F9 (Flyball, 89S, EV 91.2 MPH)
|
Batting: LHB Joel Sandoval
|
0-0: Ball 1-0: Ball 2-0: DOUBLE (Flyball, 8RXD, EV 98.8 MPH) Craig Alvarado to third Runner from 3rd tries for Home, SAFE, throw by CF to trailing runner, SAFE at third!
|
Batting: RHB Chris Artz
|
0-0: Ball 1-0: Called Strike 1-1: Fly out, F7 (Flyball, 78M, EV 87.5 MPH)
|
Bottom of the 2nd over - 1 run, 1 hit, 0 errors, 1 left on base; York 0 - New Jersey 2 |
TOP OF THE 3RD |
York Revolution batting - Pitching for New Jersey Devils : RHP Antonio Reyes
|
Batting: LHB Matt Urbanek
|
0-0: Called Strike 0-1: Foul Ball, location: 2F 0-2: Ball 1-2: Ground out U3 (Groundball, 3, EV 104.4 MPH)
|
Batting: RHB Tony Perez
|
0-0: Ball 1-0: Ball 2-0: SOLO HOME RUN (Flyball, 9D, EV 96.2 MPH), Distance : 362 ft
|
Batting: RHB Chris Myers
|
0-0: Ball 1-0: Ball 2-0: Ball 3-0: Called Strike 3-1: Called Strike 3-2: Base on Balls
|
Batting: RHB Trent Hedrick
|
0-0: Ball 1-0: Swinging Strike 1-1: Ball 2-1: Foul Ball, location: 2F 2-2: Foul Ball, location: 2F 2-2: Foul Ball, location: 2F 2-2: Ball 3-2: SINGLE (Groundball, 5S, EV 68.1 MPH) (infield hit) Chris Myers to second
|
Batting: RHB Simon Mergeni
|
0-0: Ball 1-0: Ball 2-0: Ball 3-0: Base on Balls Chris Myers to third Trent Hedrick to second
|
Batting: SHB Steve DeRienzo
|
0-0: Ball 1-0: Ball 2-0: Ball 3-0: Base on Balls Chris Myers scores Trent Hedrick to third Simon Mergeni to second
|
Batting: RHB Eddie Serna
|
0-0: Foul Ball, location: 2F 0-1: Ball 1-1: Ball 2-1: Ball 3-1: Foul Ball, location: 2F 3-2: Base on Balls Trent Hedrick scores Simon Mergeni to third Steve DeRienzo to second
|
Batting: LHB Travis Hahn
|
0-0: Fielders Choice at 2nd, 4-6 (Groundball, 4, EV 98.1 MPH) Simon Mergeni scores Steve DeRienzo to third
|
Batting: RHB Alexis Graciani
|
0-0: Ball Travis Hahn is caught stealing 2nd base 2-4
|
Top of the 3rd over - 4 runs, 2 hits, 0 errors, 1 left on base; York 4 - New Jersey 2 |
BOTTOM OF THE 3RD |
New Jersey Devils batting - Pitching for York Revolution : LHP Chad Mroczkowski
|
Batting: RHB John Carpenter
|
0-0: Ball 1-0: Foul Ball, location: 2F 1-1: Ball 2-1: Ball 3-1: Base on Balls
|
Batting: RHB Bill Crogan
|
0-0: Fly out, F9 (Flyball, 9, EV 85.0 MPH)
|
Batting: RHB Jim Freels
|
0-0: Ball 1-0: Called Strike 1-1: Foul Ball, location: 2F 1-2: Ball 2-2: Foul Ball, location: 2F 2-2: Foul Ball, location: 2F 2-2: Fly out, F9 (Flyball, 89S, EV 91.9 MPH)
|
Batting: RHB Eric Zylstra
|
0-0: Ball 1-0: Fly out, F9 (Flyball, 9D, EV 95.6 MPH)
|
Bottom of the 3rd over - 0 runs, 0 hits, 0 errors, 1 left on base; York 4 - New Jersey 2 |
TOP OF THE 4TH |
York Revolution batting - Pitching for New Jersey Devils : RHP Antonio Reyes
|
Batting: RHB Alexis Graciani
|
0-0: Called Strike 0-1: Ball 1-1: Called Strike 1-2: Strikes out swinging
|
Batting: LHB Matt Urbanek
|
0-0: Called Strike 0-1: Swinging Strike 0-2: Strikes out swinging
|
Batting: RHB Tony Perez
|
0-0: Foul Ball, location: 2F 0-1: Foul Ball, location: 2F 0-2: Ball 1-2: Ball 2-2: Ball 3-2: SINGLE (Groundball, 4M, EV 88.1 MPH) (infield hit)
|
Batting: RHB Chris Myers
|
0-0: Ball 1-0: Called Strike 1-1: Ball Tony Perez is caught stealing 2nd base 2-4
|
Top of the 4th over - 0 runs, 1 hit, 0 errors, 0 left on base; York 4 - New Jersey 2 |
BOTTOM OF THE 4TH |
New Jersey Devils batting - Pitching for York Revolution : LHP Chad Mroczkowski
|
Batting: RHB Sergio Andrada
|
0-0: Ball 1-0: Called Strike 1-1: Foul Ball, location: 2F 1-2: Strikes out swinging
|
Batting: RHB Craig Alvarado
|
0-0: Ball 1-0: Fly out, F7 (Flyball, 78S, EV 80.6 MPH)
|
Batting: RHB Oscar Ramirez
|
0-0: Ball 1-0: Swinging Strike 1-1: Ball 2-1: Ball 3-1: Foul Ball, location: 2F 3-2: Strikes out swinging
|
Bottom of the 4th over - 0 runs, 0 hits, 0 errors, 0 left on base; York 4 - New Jersey 2 |
TOP OF THE 5TH |
York Revolution batting - Pitching for New Jersey Devils : RHP Antonio Reyes
|
Batting: RHB Chris Myers
|
0-0: Ball 1-0: Ball 2-0: Called Strike 2-1: Foul Ball, location: 2F 2-2: Ball 3-2: Fly out, F9 (Flyball, 9LM, EV 93.1 MPH)
|
Batting: RHB Trent Hedrick
|
0-0: Ball 1-0: Ball 2-0: Ball 3-0: Called Strike 3-1: Swinging Strike 3-2: Strikes out swinging
|
Pitching: RHP Kyle Moser
|
|
Batting: RHB Simon Mergeni
|
0-0: Called Strike 0-1: Ball 1-1: Foul Ball, location: 2F 1-2: Foul Ball, location: 2F 1-2: Ball 2-2: Foul Ball, location: 2F 2-2: Ground out 6-3 (Groundball, 6, EV 89.4 MPH)
|
Top of the 5th over - 0 runs, 0 hits, 0 errors, 0 left on base; York 4 - New Jersey 2 |
BOTTOM OF THE 5TH |
New Jersey Devils batting - Pitching for York Revolution : LHP Chad Mroczkowski
|
Batting: LHB Joel Sandoval
|
0-0: Ball 1-0: Called Strike 1-1: Called Strike 1-2: SINGLE (Groundball, 4MD, EV 108.1 MPH)
|
Batting: RHB Chris Artz
|
0-0: Foul Ball, location: 2F 0-1: Swinging Strike 0-2: Ball 1-2: Ball 2-2: Strikes out swinging
|
Batting: RHB John Carpenter
|
0-0: Ball 1-0: Fly out, F8 (Flyball, 8LD, EV 103.8 MPH)
|
Batting: RHB Bill Crogan
|
0-0: 2-RUN HOME RUN (Flyball, 89XD, EV 105.0 MPH), Distance : 401 ft
|
Batting: RHB Jim Freels
|
0-0: DOUBLE (Line Drive, 9LS, EV 95.0 MPH)
|
Batting: RHB Eric Zylstra
|
0-0: Ball 1-0: Ball 2-0: Foul Ball, location: 2F 2-1: Ball 3-1: Ground out 5-3 (Groundball, 56, EV 105.6 MPH)
|
Bottom of the 5th over - 2 runs, 3 hits, 0 errors, 1 left on base; York 4 - New Jersey 4 |
TOP OF THE 6TH |
York Revolution batting - Pitching for New Jersey Devils : RHP Kyle Moser
|
Batting: SHB Steve DeRienzo
|
0-0: Foul Ball, location: 2F 0-1: Fly out, F9 (Flyball, 89S, EV 90.6 MPH)
|
Batting: RHB Eddie Serna
|
0-0: Ball 1-0: Ground out 6-3 (Groundball, 6, EV 86.2 MPH)
|
Batting: LHB Travis Hahn
|
0-0: Called Strike 0-1: Swinging Strike 0-2: Foul Ball, location: 2F 0-2: Fly out, F8 (Flyball, 8LXD, EV 97.5 MPH)
|
Top of the 6th over - 0 runs, 0 hits, 0 errors, 0 left on base; York 4 - New Jersey 4 |
BOTTOM OF THE 6TH |
New Jersey Devils batting - Pitching for York Revolution : LHP Chad Mroczkowski
|
Batting: RHB Sergio Andrada
|
0-0: DOUBLE (Line Drive, 3D, EV 96.9 MPH)
|
Pitching: RHP Joe Morse
|
|
Batting: RHB Craig Alvarado
|
0-0: Called Strike 0-1: Ball 1-1: Ball 2-1: Ball 3-1: Foul Ball, location: 2F 3-2: Foul Ball, location: 2F 3-2: Strikes out swinging
|
Batting: RHB Oscar Ramirez
|
0-0: Called Strike 0-1: Ball 1-1: Fly out, F8 (Flyball, 8RD, EV 98.8 MPH)
|
Batting: LHB Joel Sandoval
|
0-0: Ball 1-0: Swinging Strike 1-1: Ball 2-1: Foul Ball, location: 2F 2-2: Strikes out swinging
|
Bottom of the 6th over - 0 runs, 1 hit, 0 errors, 1 left on base; York 4 - New Jersey 4 |
TOP OF THE 7TH |
York Revolution batting - Pitching for New Jersey Devils : RHP Kyle Moser
|
Batting: RHB Alexis Graciani
|
0-0: Called Strike 0-1: Ball 1-1: Ball 2-1: Foul Ball, location: 2F 2-2: Foul Ball, location: 2F 2-2: Strikes out swinging
|
Batting: LHB Matt Urbanek
|
0-0: Ball 1-0: Called Strike 1-1: Swinging Strike 1-2: Ball 2-2: Ball 3-2: Base on Balls
|
Batting: RHB Tony Perez
|
0-0: Swinging Strike Matt Urbanek steals 2nd, throwing error, E2 Matt Urbanek to third 0-1: Called Strike 0-2: Hit by Pitch
|
Batting: RHB Chris Myers
|
0-0: Ball 1-0: Foul Ball, location: 2F 1-1: Ball 2-1: Fly out, F7 (Line Drive, 78M, EV 91.2 MPH) Runner from 3rd tags up, SCORES, no throw by LF
|
Pitching: RHP Justin Williams
|
|
Batting: RHB Trent Hedrick
|
0-0: Ball Tony Perez steals 2nd base 1-0: Called Strike 1-1: Called Strike 1-2: Strikes out swinging
|
Top of the 7th over - 1 run, 0 hits, 1 error, 1 left on base; York 5 - New Jersey 4 |
BOTTOM OF THE 7TH |
New Jersey Devils batting - Pitching for York Revolution : RHP Joe Morse
|
Batting: RHB Chris Artz
|
0-0: Ball 1-0: Ball 2-0: Called Strike 2-1: Swinging Strike 2-2: Ball 3-2: SINGLE (Groundball, 56D, EV 104.4 MPH)
|
Batting: SHB Alex Cavazos
|
0-0: Foul Ball, location: 2F 0-1: Ball 1-1: Ball 2-1: Foul Ball, location: 2F 2-2: Foul Ball, location: 2F 2-2: Ball 3-2: Base on Balls Chris Artz to second
|
Batting: RHB Bill Crogan
|
0-0: Called Strike 0-1: Ball 1-1: Swinging Strike 1-2: Strikes out swinging
|
Batting: RHB Jim Freels
|
0-0: SINGLE (Line Drive, 6MD, EV 95.6 MPH) Chris Artz to third Alex Cavazos to second
|
Batting: RHB Eric Zylstra
|
0-0: Called Strike 0-1: Foul Ball, location: 2F 0-2: Ball 1-2: Ball 2-2: Ball 3-2: Foul Ball, location: 2F 3-2: Foul Ball, location: 2F 3-2: Fly out, F8 (Flyball, 8LM, EV 87.5 MPH)
|
Pinch Hitting: LHB Randolph Brodbeck
|
0-0: Ball 1-0: Ball 2-0: Called Strike 2-1: Ball 3-1: Foul Ball, location: 2F 3-2: Foul Ball, location: 2F 3-2: Base on Balls Chris Artz scores Alex Cavazos to third Jim Freels to second
|
Pinch Hitting: RHB Chris Graham
|
0-0: Ball 1-0: Foul Ball, location: 2F 1-1: Foul Ball, location: 2F 1-2: Foul Ball, location: 2F 1-2: Foul Ball, location: 2F 1-2: Strikes out swinging
|
Bottom of the 7th over - 1 run, 2 hits, 0 errors, 3 left on base; York 5 - New Jersey 5 |
TOP OF THE 8TH |
York Revolution batting - Pitching for New Jersey Devils : RHP Justin Williams
|
Now at 3B: Carlos Saldivar
|
|
Now in CF: Ernesto Mazas
|
|
Batting: RHB Simon Mergeni
|
0-0: Ball 1-0: Ground out 4-3 (Groundball, 4, EV 101.9 MPH)
|
Batting: SHB Steve DeRienzo
|
0-0: Ball 1-0: Swinging Strike 1-1: Ball 2-1: Ball 3-1: Base on Balls
|
Batting: RHB Eddie Serna
|
|
Pinch Hitting: RHB Jose Corral
|
0-0: Ball 1-0: Ball Steve DeRienzo steals 2nd base 2-0: Intentional Walk
|
Batting: LHB Travis Hahn
|
0-0: Fielders Choice at 2nd, 6-4 (Groundball, 6, EV 76.9 MPH) Steve DeRienzo to third
|
Pinch Hitting: RHB Ivan Barrientos
|
0-0: Swinging Strike 0-1: Foul Ball, location: 2F 0-2: Strikes out swinging
|
Top of the 8th over - 0 runs, 0 hits, 0 errors, 2 left on base; York 5 - New Jersey 5 |
BOTTOM OF THE 8TH |
New Jersey Devils batting - Pitching for York Revolution : RHP Joe Morse
|
Pitching: RHP Hugo Rodriguez
|
|
Now at 1B: Joel Gomez
|
|
Now at 3B: Jesse Sargent
|
|
Batting: RHB Oscar Ramirez
|
0-0: Ball 1-0: Swinging Strike 1-1: Ball 2-1: Ball 3-1: Foul Ball, location: 2F 3-2: Fly out, F7 (Flyball, 7, EV 82.5 MPH)
|
Batting: LHB Joel Sandoval
|
0-0: Ball 1-0: Called Strike 1-1: Foul Ball, location: 2F 1-2: Ground out 5-3 (Groundball, 25, EV 94.4 MPH)
|
Batting: RHB Chris Artz
|
0-0: Ground out 5-3 (Groundball, 5S, EV 86.2 MPH)
|
Bottom of the 8th over - 0 runs, 0 hits, 0 errors, 0 left on base; York 5 - New Jersey 5 |
TOP OF THE 9TH |
York Revolution batting - Pitching for New Jersey Devils : RHP Justin Williams
|
Batting: LHB Matt Urbanek
|
0-0: Fly out, F8 (Flyball, 8RD, EV 98.8 MPH)
|
Batting: RHB Tony Perez
|
0-0: Called Strike 0-1: Ball 1-1: Ball 2-1: Foul Ball, location: 2F 2-2: SOLO HOME RUN (Flyball, 9LD, EV 92.5 MPH), Distance : 345 ft
|
Batting: RHB Chris Myers
|
0-0: Called Strike 0-1: Ball 1-1: Ball 2-1: Called Strike 2-2: Ball 3-2: SINGLE (Groundball, 56D, EV 98.8 MPH)
|
Batting: RHB Trent Hedrick
|
0-0: Swinging Strike 0-1: SINGLE (Line Drive, 78M, EV 89.4 MPH) Chris Myers to second
|
Batting: RHB Simon Mergeni
|
0-0: Ball 1-0: Fly out, F3 (Popup, 23F, EV 87.5 MPH)
|
Batting: SHB Steve DeRienzo
|
0-0: Foul Ball, location: 2F 0-1: Fielders Choice at 2nd, 5-4 (Groundball, 56, EV 88.1 MPH)
|
Top of the 9th over - 1 run, 3 hits, 0 errors, 2 left on base; York 6 - New Jersey 5 |
BOTTOM OF THE 9TH |
New Jersey Devils batting - Pitching for York Revolution : RHP Hugo Rodriguez
|
Pitching: RHP Bobby Acevedo
|
|
Batting: SHB Alex Cavazos
|
0-0: Swinging Strike 0-1: Foul Ball, location: 2F 0-2: Ground out 1-3 (Groundball, 34S, EV 68.8 MPH)
|
Batting: RHB Bill Crogan
|
0-0: Called Strike 0-1: Foul Ball, location: 2F 0-2: Ball 1-2: SINGLE (Groundball, 34, EV 83.1 MPH) (infield hit)
|
Batting: RHB Jim Freels
|
0-0: Ball 1-0: Ball 2-0: Grounds into double play, 6-4-3 (Groundball, 6, EV 84.4 MPH)
|
Bottom of the 9th over - 0 runs, 1 hit, 0 errors, 0 left on base; York 6 - New Jersey 5 |
|